Map: Simulacrum LE

Players

YoungVoid - Winner!

  • Race: Protoss Protoss
  • League: Platinum
  • Spawn Location: 11:00

prospeKt

  • Race: Zerg Zerg
  • League: Platinum
  • Spawn Location: 5:00

VOD

Have the link to the VOD?

Description

Time

  • Played on: May 26, 2020, 8:46 a.m.
  • Length: 6:31
Show
View Real Time Build Order
Export as new Build Order

YoungVoid Protoss - Winner!

Build Orders: 1 Gate Expand, Dark Templar Rush 

Get SALT Encoding   

  12  0:06  Probe  
  13  0:18  Probe (Chrono Boost)  
  13  0:19  Pylon  
  14  0:30  Probe (Chrono Boost)  
  15  0:37  Probe (Chrono Boost)  
  15  0:38  Gateway  
  16  0:45  Probe  
  17  0:50  Assimilator  
  18  0:57  Probe  
  18  1:09  Probe  
  19  1:22  Nexus  
  19  1:25  Probe  
  20  1:36  Cybernetics Core  
  20  1:39  Probe  
  21  1:46  Assimilator  
  21  1:51  Probe  
  22  2:05  Probe  
  22  2:07  Pylon  
  23  2:19  Warp Gate  
  23  2:23  Adept (Chrono Boost)  
  23  2:25  Probe  
  23  2:26  Twilight Council  
  26  2:38  Probe x2  
  28  2:45  Stalker  
  30  2:55  Robotics Facility  
  30  2:56  Probe x2  
  32  3:07  Resonating Glaives (Chrono Boost)  
  32  3:08  Probe  
  32  3:12  Probe  
  34  3:23  Gateway  
  34  3:24  Gateway  
  34  3:29  Gateway  
  34  3:31  Probe  
  34  3:33  Probe  
  36  3:41  Warp Prism (Chrono Boost)  
  38  3:50  Assimilator  
  38  3:56  Dark Shrine  
  38  4:01  Pylon  
  38  4:02  Probe  
  39  4:08  Adept  
  41  4:13  Probe  
  41  4:14  Probe  
  43  4:20  Adept x2  
  43  4:24  Adept  
  49  4:30  Pylon  
  49  4:31  Probe x2  
  49  4:34  Adept  
  53  4:43  Probe  
  54  4:46  Pylon  
  54  4:48  Probe  
  54  4:49  Adept x2  
  59  5:05  Adept x2  
  63  5:10  Dark Templar x2  
  67  5:19  Probe x2  
  69  5:39  Pylon  
  69  5:47  Dark Templar  
  69  5:48  Adept x2  
  69  5:49  Adept  
  69  5:51  Probe x2  
  69  5:53  Immortal (Chrono Boost)  
  69  5:54  Pylon  
  65  5:57  Assimilator  
  61  6:13  Dark Templar  
  61  6:15  Adept x2  
  61  6:31  Forge  
Show
View Real Time Build Order
Export as new Build Order

prospeKt Zerg 

Build Orders: Hatch First 

Get SALT Encoding   

  12  0:01  Drone  
  13  0:13  Overlord  
  13  0:18  Drone  
  14  0:32  Drone  
  15  0:47  Drone  
  15  0:48  Drone  
  17  0:57  Drone  
  17  1:00  Hatchery  
  17  1:06  Drone  
  18  1:19  Spawning Pool  
  18  1:20  Drone  
  18  1:27  Drone  
  18  1:31  Extractor  
  18  1:38  Drone  
  19  1:49  Drone  
  20  2:02  Drone  
  21  2:11  Queen x2, Drone  
  21  2:14  Overlord  
  26  2:23  Drone  
  26  2:24  Drone  
  28  2:34  Drone  
  28  2:35  Drone  
  30  2:42  Overlord  
  30  2:48  Drone  
  31  2:55  Drone x2  
  33  3:05  Roach Warren  
  32  3:06  Drone x2  
  34  3:15  Drone  
  35  3:21  Extractor  
  35  3:25  Drone x2  
  36  3:27  Drone x2  
  36  3:33  Evolution Chamber, Drone x2  
  39  3:41  Overlord  
  39  3:43  Drone x2  
  39  3:46  Roach  
  43  3:48  Hatchery  
  43  3:51  Roach  
  44  3:58  Overlord  
  44  4:03  Roach x3  
  50  4:10  Drone  
  50  4:13  Drone  
  52  4:21  Roach x2  
  56  4:30  Roach  
  56  4:31  Roach  
  60  4:33  Overlord  
  60  4:34  Overlord  
  60  4:38  Hatchery  
  59  4:46  Overlord  
  59  4:57  Queen  
  61  5:00  Lair  
  61  5:02  Roach  
  61  5:03  Roach x6  
  61  5:07  Drone x6  
  76  5:13  Extractor x2  
  79  5:19  Drone x3  
  82  5:47  Roach x6  
  86  5:56  Drone  
  86  5:57  Drone x5  
  66  6:18  Drone  
Tags
 
Add a new tag
Caveats
  • Supply blocks, unpowered buildings, or Contaminate may cause inaccurate times.
  • Supply counts are checked every 10 seconds.